 Dungeon Crawl Stone Soup version 0.32-a0-673-g3729bd50f8 (webtiles) character file.

Game seed: 4310340717915441666

11 nuthulu the Trooper (level 2, 0/20 HPs)
             Began as a Gargoyle Fighter on Mar 10, 2024.
             Frozen to death by an endoplasm (2 damage)
             ... on level 1 of the Dungeon.
             The game lasted 00:00:41 (502 turns).

nuthulu the Trooper (Gargoyle Fighter)               Turns: 502, Time: 00:00:42

Health: 0/20       AC: 10    Str: 19    XL:     2   Next: 25%
Magic:  2/2        EV:  9    Int:  8    God:
Gold:   10         SH:  4    Dex:  9    Spells: 1/1 levels left

rFire   . . .        a - +0 flail
rCold   . . .        c - +0 buckler
rNeg    + . .        b - +0 scale mail
rPois   ∞            f - +0 helmet
rElec   +            (no cloak)
rCorr   .            (no gloves)
SInv    .            (no boots)
Will    .....        (no amulet) Stlth
                     (no ring)
HPRegen 0.23/turn    (no ring)
MPRegen 0.08/turn

%: no passive effects
@: no status effects
A: sickness immunity, AC +2, negative energy resistance 1, electricity
resistance, torment resistance 1, petrification resistance
a: no special abilities


You were on level 1 of the Dungeon.
You visited 1 branch of the dungeon, and saw 1 of its levels.

You collected 10 gold pieces.

Inventory:

Hand Weapons
 a - a +0 flail (weapon)
Armour
 b - a +0 scale mail (worn)
 c - a +0 buckler (worn)
 f - a +0 helmet (worn)
Scrolls
 e - a scroll of teleportation
Potions
 d - a potion of might
 g - a potion of berserk rage {unknown}
 h - a potion of resistance


   Skills:
 + Level 3.7 Fighting
 + Level 2.4 Maces & Flails
 - Level 3.2 Armour
 - Level 3.2 Shields


You had one spell level left.
You didn't know any spells.
Your spell library was empty.

Dungeon Overview and Level Annotations

Branches:
Dungeon (1/15)

Altars:


Innate Abilities, Weirdness & Mutations

You are immune to sickness and miasma.
Your stone body is resilient. (AC +2)
You are immune to poison.
You resist negative energy. (rN+)
You are resistant to electric shocks. (rElec)
You are resistant to unholy torment.
You are immune to petrification.


Message History

As you read the scroll labelled TARETO UXKUZ, it crumbles to dust.
It is a scroll of identify.
h - a potion of resistance Your surroundings suddenly seem different.
Things that are here:
a +0 dagger; 5 stones; a frilled lizard corpse You see here a +0 dagger.
g - a silvery potion A goblin comes into view.
It is wielding a +0 dagger.
The goblin shouts!
An endoplasm comes into view.
A goblin comes into view. It is wielding a +0 club.
The goblin shouts!
The goblin barely misses you.
You barely miss the goblin. The goblin barely misses you.
The endoplasm barely misses you. The goblin hits you but does no damage.
The goblin hits you with a +0 dagger. The endoplasm freezes you.
You are frozen.
You closely miss the goblin. You block the goblin's attack.
The goblin hits you but does no damage. The endoplasm freezes you.
You are frozen.
You closely miss the goblin. The goblin barely misses you.
The goblin hits you but does no damage. The endoplasm freezes you.
You are frozen.
* * * LOW HITPOINT WARNING * * *
Unknown command.
The goblin attacks as it pursues you! The goblin hits you but does no damage.
You block the goblin's attack.
You barely miss the goblin. The goblin hits you but does no damage.
The goblin closely misses you. The goblin completely misses you.
The goblin hits you with a +0 club.
* * * LOW HITPOINT WARNING * * *
You hit the goblin but do no damage. The endoplasm closely misses you.
The goblin barely misses you. The goblin misses you. The endoplasm freezes you.
You are frozen.
You die...

..............#...#......
..............#...#......
.........................
.......................... #.
...........................#.# #
..........##..........##...#.#.#
....................##.....#.#.#
...............Jgg..#.)........
................@...#......#.####
.................####............
.................# #......##.##.
.................####..........#.
............................#..#.
............................####.
.................................
......................#....####..
.##...................###.....#..


You could see an endoplasm and 2 goblins.

Vanquished Creatures
  2 bats (D:1)
  2 goblins (D:1)
  A quokka (D:1)
  A ball python (D:1)
  A frilled lizard (D:1)
  2 kobolds (D:1)
  A rat (D:1)
10 creatures vanquished.

Notes
Turn   | Place    | Note
-------+----------+-------------------------------------------
     0 | D:1      | nuthulu the Gargoyle Fighter began the quest for the Orb.
     0 | D:1      | Reached XP level 1. HP: 14/14 MP: 1/1
   213 | D:1      | Found a faded altar of an unknown god.
   260 | D:1      | Reached XP level 2. HP: 14/19 MP: 2/2
   502 | D:1      | Frozen to death by an endoplasm

Illustrated notes

Levels and vault maps discovered:
D:1:      spicycebolla_green_bress_n_ham, layout_basic, basic_ecumenical_altar

Action                     || total
---------------------------++-------
  Melee: Flail             ||    42
    Use: Scroll            ||     3
 Armour: Scale mail        ||    41
  Dodge: Dodged            ||    40
  Block: Buckler           ||    20

Table legend: (Time is in decaauts)
 A = Elapsed time spent in this place.
 B = Non-inter-level travel time spent in this place.
 C = Inter-level travel time spent in this place.
 D = Time resting spent in this place.
 E = Time spent auto-exploring this place.
 F = Levels seen in this place.
 G = Mean time per level.
                   A        B        C        D        E       F      G
               +--------+--------+--------+--------+--------+-----+--------+
         Total |    515 |    506 |      9 |      7 |    366 |   1 |  515.0 |
       Dungeon |    515 |    506 |      9 |      7 |    366 |   1 |  515.0 |
               +--------+--------+--------+--------+--------+-----+--------+

Top non-repeatable levels by time:
     D:1: 515 daAuts
